Cogmind - Beta 14 @@@ ROGUE MODE // 2024.08.08 @ 20:13:36 Player: APerTAS Result: Destroyed by Y-45 Defender with Heavy Assault Rifle Performance ------------- Evolutions (1) 500 Regions Visited (3) 600 Robots Destroyed (3) 15 Value Destroyed (183) 183 Prototype IDs (1) 20 Alien Tech Used (0) 0 Bonus (200) 200 TOTAL SCORE: 1518 Bonus ------- Pacifist 200 Cogmind --------- Core Integrity 0/400 Matter 194/300 Energy 99/100 System Corruption 1% Temperature Cool (9) Movement Core (100) Ox1 Location -9/Storage Parts ------- > --- POWER (1) -------- (None) > --- PROPULSION (2) --- (None) > --- UTILITY (2) ------ Signal Interpreter > --- WEAPON (4) ------- Medium Laser Mace > --- INVENTORY (5) ---- (None) Peak State ------------ > --- POWER ------------ (None) > --- PROPULSION ------- Hover Unit > --- UTILITY ---------- Signal Interpreter Core Shielding > --- WEAPON ----------- Improved Assault Rifle Mace > --- INVENTORY -------- (None) [Rating: 8] Favorites ----------- Power None Propulsion Hover Unit Hover Unit Hover Unit Utility Core Shielding Processor Signal Interpreter Protection Core Shielding Weapon Mace Energy Gun Medium Laser Ballistic Gun Improved Assault Rifle Impact Weapon Mace Build | -11 -10 -9 -9 ------- Run | Yrd Mat Mat Sto Slots Evolved 2 | . . 2 . Power . | . . . . Propulsion . | . . . . Utility . | . . . . Weapon 2 | . . 2 . Parts Attached 7 | . . . 7 Power . | . . . . Engine . | . . . . Core . | . . . . Reactor . | . . . . Propulsion 2 | . . . 2 Treads . | . . . . Leg . | . . . . Wheel . | . . . . Hover 2 | . . . 2 Flight . | . . . . Utility 2 | . . . 2 Device . | . . . . Storage . | . . . . Processor 1 | . . . 1 Hackware . | . . . . Protection 1 | . . . 1 Artifact . | . . . . Weapon 3 | . . . 3 Energy Gun 1 | . . . 1 Energy Cannon . | . . . . Ballistic Gun 1 | . . . 1 Ballistic Cannon . | . . . . Launcher . | . . . . Special Weapon . | . . . . Impact Weapon 1 | . . . 1 Slashing Weapon . | . . . . Piercing Weapon . | . . . . Special Melee Weapon . | . . . . Unidentified Prototypes 1 | . . . 1 Parts Lost 3 | . . . 3 Power . | . . . . Propulsion 1 | . . . 1 Utility 1 | . . . 1 Weapon 1 | . . . 1 Highest Loss Streak 3 | . . . 3 To Critical Strikes . | . . . . Average Slot Usage (%) 20 | . . . 31 Hover 4 | . . . 6 Processor 3 | . . . 5 Protection 5 | . . . 7 Ballistic Gun 2 | . . . 4 Impact Weapon 4 | . . . 6 Peak Build Rating 8 | . . . 8 Average Rating 2 | . . . 4 On Entrance . | . . . . Naked Turns 104 | . 64 34 6 Heaviest Build 6 | . . . 6 Greatest Support 7 | 3 3 3 7 Greatest Overweight (x) 1 | . . . 1 Average Overweight (x) . | . . . . Largest Inventory Capacity 5 | 5 5 5 5 Average Capacity 5 | 5 5 5 5 Most Carried . | . . . . Average Carried . | . . . . Final Capacity 5 | 5 5 5 5 Final Carried . | . . . . Class Distribution -------------------- 100% | Mutant Dominant Class ---------------- Mutant | -10/Materials Mutant | -9/Materials Mutant | -9/Storage Resources | -11 -10 -9 -9 ----------- Run | Yrd Mat Mat Sto Matter Collected 141 | 62 . . 79 Remotely . | . . . . Salvage Created 120 | . . . 120 Parts 3 | . . . 3 Haulers Intercepted . | . . . . Recyclers Shooed . | . . . . Parts Field Recycled . | . . . . Retrieved Matter . | . . . . Parts Self-Destructed . | . . . . Prevented . | . . . . Kills | -11 -10 -9 -9 ------- Run | Yrd Mat Mat Sto Combat Hostiles Destroyed 3 | . . . 3 Melee 1 | . . . 1 Classes Destroyed 2 | . . . 2 Grunt 2 | . . . 2 Sentry 1 | . . . 1 Best Kill Streak 2 | . . . 2 Combat Bots Only 2 | . . . 2 Max Kills in Single Turn 1 | . . . 1 Gunslinging . | . . . . Exploded . | . . . . Melee 1 | . . . 1 Uniques/NPCs Destroyed . | . . . . Combat | -11 -10 -9 -9 -------- Run | Yrd Mat Mat Sto Hostile Shots Fired 110 | . 33 22 55 Missed 42 | . 11 10 21 Damage Taken 886 | . 236 151 499 Core 645 | . 236 151 258 Absorbed by Shields . | . . . . Redirected to Shielding 23 | . . . 23 Core Remaining (%) 52 | 100 5 . . Volleys Fired 2 | . . . 2 Largest 1 | . . . 1 Hottest 23 | . . . 23 Shots Fired 2 | . . . 2 Gun 2 | . . . 2 Cannon . | . . . . Launcher . | . . . . Special . | . . . . Kinetic 2 | . . . 2 Thermal . | . . . . Explosive . | . . . . Electromagnetic . | . . . . Robot Hit Streak 1 | . . . 1 Robot Miss Streak 1 | . . . 1 Penetration Max . | . . . . Secondary Targets . | . . . . Shots Hit Robots 21 | . . . 21 Core Hits 3 | . 1 . 2 Critical Kills . | . . . . Critical Parts Destroyed 1 | . . . 1 Critical Strikes 1 | . . . 1 Smash 1 | . . . 1 Melee Attacks 26 | . . . 26 Impact 26 | . . . 26 Slashing . | . . . . Piercing . | . . . . Sneak Attacks . | . . . . Combat Hostiles . | . . . . Follow-up Attacks . | . . . . Damage Inflicted 533 | . 31 7 495 Guns 18 | . . . 18 Cannons . | . . . . Explosions . | . . . . Melee 477 | . . . 477 Ramming 38 | . 31 7 . Kinetic 18 | . . . 18 Thermal . | . . . . Explosive . | . . . . Electromagnetic . | . . . . Impact 477 | . . . 477 Slashing . | . . . . Piercing . | . . . . Highest Corruption 1 | . . . 1 Average Corruption 1 | . . . 1 Corruption Purged . | . . . . Corruption Blocked . | . . . . Overload Shots . | . . . . Overflow Damage 52 | . . . 52 Projectiles . | . . . . Explosions . | . . . . Melee 52 | . . . 52 Knockbacks 1 | . 1 . . Impact 1 | . 1 . . Kinetic . | . . . . Secondary . | . . . . Self-Inflicted Damage 18 | . 15 3 . Shots . | . . . . Rammed 5 | . 4 1 . Targets Rammed 5 | . 4 1 . Kicked . | . . . . Crushed . | . . . . Highest Temperature . | . . . . Average Temperature . | . . . . Received Heat Transfer 276 | . 54 54 168 Siege Activations . | . . . . Robots Corrupted 2 | . . . 2 Combat Hostiles 2 | . . . 2 Parts Fried 6 | . . . 6 Impact Corruptions 3 | . . . 3 Robots Melted . | . . . . Combat Hostiles . | . . . . Parts Melted . | . . . . Heat Transferred . | . . . . Parts Sabotaged . | . . . . Parts Stolen . | . . . . Parts Stripped . | . . . . Power Chain Reactions . | . . . . Alert | -11 -10 -9 -9 ------- Run | Yrd Mat Mat Sto Peak Influence 190 | . 15 35 190 Initial 14 | . . 5 14 Average 73 | . 8 16 111 Maximum Alert Level . | . . . . Low Security (%) 100 | 100 100 100 100 Level 1 . | . . . . Level 2 . | . . . . Level 3 . | . . . . Level 4 . | . . . . Level 5 . | . . . . High Security . | . . . . Max Security . | . . . . Squads Dispatched 6 | . 3 . 3 Investigation 3 | . . . 3 Extermination . | . . . . Reinforcement 3 | . 3 . . Assault . | . . . . Garrison . | . . . . Intercept . | . . . . Searches Triggered . | . . . . Construction Impeded . | . . . . Haulers Reinforced . | . . . . Active Scanning Responses . | . . . . Cargo Convoy Interrupts . | . . . . Stealth | -11 -10 -9 -9 --------- Run | Yrd Mat Mat Sto Distress Signals 3 | . 1 . 2 Communications Jammed . | . . . . Distress Signals . | . . . . Times Spotted 27 | . 12 8 7 Peak Tracking Total 10 | . 10 7 4 Tactical Retreats . | . . . . Traps | -11 -10 -9 -9 ------- Run | Yrd Mat Mat Sto Traps Triggered 1 | . . . 1 Indirectly . | . . . . Trap Hack Attempts . | . . . . Triggered . | . . . . Disarmed . | . . . . Reprogrammed . | . . . . Reused . | . . . . Traps Extracted . | . . . . Installed . | . . . . Triggered . | . . . . Machines | -11 -10 -9 -9 ---------- Run | Yrd Mat Mat Sto Machines Disabled 1 | . . . 1 Max in Single Turn 1 | . . . 1 Machines Repaired . | . . . . Machines Dismantled . | . . . . Machines Sabotaged 1 | . . . 1 Overloaded Fab Kills . | . . . . Hacking | -11 -10 -9 -9 --------- Run | Yrd Mat Mat Sto Machines Accessed 6 | . . . 6 Terminals 6 | . . . 6 Fabricators . | . . . . Repair Stations . | . . . . Recycling Units . | . . . . Scanalyzers . | . . . . Garrison Access . | . . . . Total Hacks 20 | . . . 20 Successful 12 | . . . 12 Failed 8 | . . . 8 Catastrophic 4 | . . . 4 Database Lockouts . | . . . . Manual 16 | . . . 16 Terminals 20 | . . . 20 Fabricators . | . . . . Repair Stations . | . . . . Recycling Units . | . . . . Scanalyzers . | . . . . Garrison Access . | . . . . Terminal Hacks 4 | . . . 4 Emergency Access Points 1 | . . . 1 Recall Investigation 2 | . . . 2 Zone Layout 1 | . . . 1 Fabricator Hacks . | . . . . Repair Station Hacks . | . . . . Recycling Unit Hacks . | . . . . Scanalyzer . | . . . . Garrison Access Hacks . | . . . . Unauthorized Hacks 8 | . . . 8 Terminals 8 | . . . 8 Track 1 | . . . 1 Botnet 5 | . . . 5 Disrupt 1 | . . . 1 Sabotage 1 | . . . 1 Fabricators . | . . . . Repair Stations . | . . . . Recycling Units . | . . . . Scanalyzers . | . . . . Garrison Access . | . . . . Data Cores Recovered . | . . . . Used . | . . . . Hacking Detections 5 | . . . 5 Full Trace Events 3 | . . . 3 Feedback Events 1 | . . . 1 Corruption 1 | . . . 1 Feedback Blocked . | . . . . Robot Schematics Acquired . | . . . . Robots Built . | . . . . Authchips . | . . . . Time . | . . . . Total Robot Build Rating . | . . . . Part Schematics Acquired . | . . . . Parts Built . | . . . . Authchips . | . . . . Time . | . . . . Total Part Build Rating . | . . . . Parts Repaired . | . . . . Time . | . . . . Parts Recycled . | . . . . Recycled Matter . | . . . . Retrieved Matter . | . . . . Retrieved Components . | . . . . Parts Scanalyzed . | . . . . Part Schematics Acquired . | . . . . Parts Damaged . | . . . . Bothacking | -11 -10 -9 -9 ------------ Run | Yrd Mat Mat Sto Used RIF Installer . | . . . . Robots Hacked . | . . . . Non-combat . | . . . . Combat . | . . . . Robot Hacks Applied . | . . . . Relay Couplers Released . | . . . . Fabnet Peak Effective % . | . . . . Robots Rewired . | . . . . Allies Hacked . | . . . . Hacks Repelled . | . . . . Allies | -11 -10 -9 -9 -------- Run | Yrd Mat Mat Sto Total Allies . | . . . . Largest Group . | . . . . Highest-Rated Group . | . . . . Highest-Rated Ally . | . . . . Total Orders . | . . . . Ally Attacks . | . . . . Total Damage . | . . . . Kills . | . . . . Allies Corrupted . | . . . . Allies Melted . | . . . . Intel | -11 -10 -9 -9 ------- Run | Yrd Mat Mat Sto Robot Analysis Total . | . . . . Derelict Logs Recovered . | . . . . Drone Launches . | . . . . Drone Recoveries . | . . . . Exploration | -11 -10 -9 -9 ------------- Run | Yrd Mat Mat Sto Turns Passed 280 | 9 64 34 173 Spaces Moved 357 | 18 120 67 152 Core 272 | 18 120 67 67 Treads . | . . . . Legs . | . . . . Wheels . | . . . . Hover 85 | . . . 85 Flight . | . . . . Fastest Speed 50 | 50 50 50 50 Average Speed 52 | 50 50 50 56 Slowest Speed 100 | 50 50 50 100 Overloaded Moves . | . . . . Propulsion Burnouts . | . . . . Robots Hopped . | . . . . Cave-ins Triggered . | . . . . Exploration Rate (%) 17 | 3 32 9 26 Regions Visited 3 Branch Regions 1 Pre-discovered Areas . | . . . . Known Exits Taken . | . . . . Unknown Exits Taken 3 | 1 1 1 . Scrap Searched . | . . . . Spaces Dug . | . . . . Terrain Destroyed . | . . . . Melee . | . . . . Projectile . | . . . . AOE . | . . . . Terrain Rammed . | . . . . Walls Destroyed . | . . . . Machines Disabled . | . . . . Actions | -11 -10 -9 -9 --------- Run | Yrd Mat Mat Sto Total 394 | 17 123 67 187 Wait . | . . . . Move 355 | 17 119 67 152 Hop . | . . . . Pick Up . | . . . . Fast Attach 7 | . . . 7 Attach . | . . . . Detach . | . . . . Swap . | . . . . Drop . | . . . . Fire 2 | . . . 2 Melee 26 | . . . 26 Ram 4 | . 4 . . Kick . | . . . . Crush . | . . . . Escape Stasis . | . . . . Rewire . | . . . . Trap . | . . . . Miscellaneous . | . . . . Route ------- -11/Scrapyard -10/Materials -9/Materials -9/Storage History --------- Turn | Location | Event 5 | -11/Scrapyard | Discovered new exit (range 12) 10 | -11/Scrapyard | Entered Materials 68 | -10/Materials | Core integrity fell below 50% 70 | -10/Materials | Discovered new exit (range 9) 73 | -10/Materials | Core integrity fell below 20% 74 | -10/Materials | Entered another Materials area 74 | -9/Materials | Evolved 2 slots: Weapon x2 103 | -9/Materials | Discovered new exit (range 11) 108 | -9/Materials | Entered Storage 227 | -9/Storage | Core integrity fell below 50% 271 | -9/Storage | Core integrity fell below 20% 281 | -9/Storage | Destroyed by Y-45 Defender with Heavy Assault Rifle Last Messages --------------- 00220_ W-16 Scout sends out distress signal. 00243_ Hover Unit destroyed. 00243_ Core Shielding destroyed. 00245_ Destroyed Heat Sink. 00245_ Y-45 Defender system corrupted by crushing effect. 00245_ M-13 Machinist repairs Heat Sink. 00247_ R-06 Scavenger collects Ion Engine. 00254_ K-01 Serf collects debris. 00259_ Destroyed Heat Sink. 00259_ Y-45 Defender system corrupted by crushing effect. 00260_ Y-45 Defender system terminally corrupted. 00260_ Lgt. Treads fried. 00260_ Beam Rifle fried. 00260_ Hvy. Assault Rifle fried. 00260_ Lgt. Armor Plating fried. 00261_ R-06 Scavenger collects Corrupted Ion Engine. 00265_ W-16 Scout sends out distress signal. 00267_ Imp. Assault Rifle destroyed. 00276_ Acquired Med. Laser. 00280_ R-06 Scavenger collects Sml. Laser. Map ----- +----------------------------------------------------+ | ?????????????????????????????????????????????????? | | ?????????????????????????????????????????????????? | | ?????????????????????????????????????????????????? | | ?????????????????????????????????????????????????? | | ????????????##"##????????????????????????????????? | | ????????????## T#????????????????????????????????? | | ???????#######+#####################?????????????? | | ???????# ? ??????????????? | | ######## ?? ???????????????? | | ######## ??? ????????????????? | | ## ### ##############???## ####??????????????? | | ## ### #??????########### u #??????????????? | | ## ### #??????# a #??????????????? | | ## ### #??????# T #??????????????? | | ##"""### #??????# #??????????????? | | ## T## #???#########+#### #??????????????? | | ## ### ##??# """"" ## ####??????????????? | | ##+#### #??# """"" ## ##????????????????? | | #### """"" ## T#????????????????? | | T + ## ##????????????????? | | #### ## #?????????????????? | | ##+#### = #??##+#"T"########+##????????????????? | | ###+####### #"""# % #????????????????? | | # # ##### """Yg #????????????????? | | """ # T """ ## #???# " Y"" #????????????????? | | """ # """ ##+##### "@]""" #????????????????? | | """ # """ # # """r!" #????????????????? | | #!! # # ?" [" #????????????????? | | """ #!= """ # # """" #????????????????? | | """ #!= """ # # #????????????????? | | """ # """ # ##/#####+##????????????????? | | # # ## ????????????????????????? | | #####+#### / ????????????????????????? | | #######???# #??# # ????????????????????????? | | ########### #??# # ????????????????????????? | | # #??????????????????????????????????????? | | # #??????????????????????????????????????? | | + ! #??????????????????????????????????????? | | # #??????????????????????????????????????? | | ##+#####+## #????????????????????????????????????? | | #????????????????????????????????????? | | #????????????????????????????????????? | | #????????????????????????????????????? | | ?????????????????????????????????? | | ##+##############????????????????????????????????? | | """ #?????????????????????????????????????????? | | "Y" #?????????????????????????????????????????? | | #?????????????????????????????????????????? | | #?????????????????????????????????????????? | | ########?????????????????????????????????????????? | +----------------------------------------------------+ Best States ------------- Heat Dissipation 28 Energy Generation 5 Energy Capacity 100 Matter Stores 204 Matter Capacity 300 Sight Range 16 Terrain Scan Density 10 Core Shielding 20 Evasion (%) 53 Item Schematics ----------------- None Robot Schematics ------------------ None Fabricated ------------ Nothing Alien Tech Used ----------------- None Achievements -------------- None Challenges ------------ None Game ------ Seed ShockServoBiocell Manual? 0 Play Time 00:07:47 Cumulative 14.7 hours Start 2024.08.08 @ 20:09:03 End 2024.08.08 @ 20:13:36 Sessions 1 Manual Loads 0 Difficulty Rogue Special Mode None Game No. 74 Rogue 74 Adventurer 0 Explorer 0 Win Type - Total 0 Types 0/0/0/0/0/0/0/0/0 Lore% 17 Gallery% 20 Achievement% 31 Wizard Run 0 Options --------- Layout 0 ASCII 0 Keyboard 0 Movement Arrows Keybinds 0 Fullscreen 2 Font 18/Terminus Map View 76x50 Zoom Use 0% Tactical HUD 1 Map Filters NONE Filters NONE Steam 1 RUN: bf418f69-b567-45d0-ad66-dd7a8a79528a